 Dungeon Crawl Stone Soup version 0.25.0-46-gbd7b0854d2 (webtiles) character file.

Game seed: 17291745578634638652

10124 Atelerd the Destroyer (level 11, -17/67 HPs)
             Began as an Octopode Wizard on July 14, 2020.
             Was an Elder of Sif Muna.
             Engulfed by a cloud of flame (21 damage)
             ... on level 11 of the Dungeon.
             The game lasted 00:46:23 (16631 turns).

Atelerd the Destroyer (Octopode Wizard)            Turns: 16631, Time: 00:46:24

Health: -17/67     AC:  7    Str:  7    XL:     11   Next: 57%
Magic:  32/42      EV: 14    Int: 24    God:    Sif Muna [****..]
Gold:   838        SH:  0    Dex: 10    Spells: 19/28 levels left

rFire    . . .     SeeInvis .   F - +4 short sword
rCold    . . .     Gourm    .   (no shield)
rNeg     . . .     Faith    .   l - +2 hat
rPois    +         Spirit   .   (no amulet)
rElec    .         Reflect  .   g - ring of poison resistance
rCorr    .         Harm     .   d - ring of protection from magic
MR       +....                  i - ring of magical power
Stlth    ++++......             I - ring of magical power
HPRegen  0.21/turn              O - +4 ring of protection
MPRegen  0.28/turn              (no ring)
                                (no ring)
                                (no ring)

@: very slightly contaminated
A: almost no armour, stealthy swim, amphibious, 8 rings, constrict 8, camouflage
1, gelatinous body 1
a: Channel Magic, Forget Spell, Divine Exegesis, Renounce Religion


You were on level 11 of the Dungeon.
You worshipped Sif Muna.
Sif Muna was greatly pleased with you.
You were not hungry.

You visited 2 branches of the dungeon, and saw 12 of its levels.
You also visited: Ossuary.

You collected 838 gold pieces.

Inventory:

Hand Weapons
 b - a +0 dagger
 p - a +2 quarterstaff of chaos
 E - a +4 longbow
 F - a +4 short sword (weapon)
 N - a +1 mace of protection
 P - a +2 flail of protection
Missiles
 G - 115 arrows
Armour
 l - a +2 hat (worn)
Magical Staves
 D - an uncursed staff of cold
Jewellery
 d - a ring of protection from magic (right tentacle)
 g - a ring of poison resistance (left tentacle)
 i - a ring of magical power (on tentacle)
 H - an uncursed ring of ice
 I - a ring of magical power (on tentacle)
 O - a +4 ring of protection (on tentacle)
Wands
 C - a wand of flame (12)
Scrolls
 h - 6 scrolls of enchant armour {unknown}
 j - 10 scrolls of amnesia
 k - a scroll of magic mapping
 m - a scroll of vulnerability
 n - 5 scrolls of remove curse
 q - a scroll of immolation
 s - 2 scrolls of random uselessness
 w - a scroll of noise
 y - 4 scrolls of blinking
 J - a scroll of identify
 K - a scroll of fog {unknown}
 L - a scroll of acquirement {unknown}
 Q - 2 scrolls of teleportation
Potions
 e - 6 potions of mutation
 f - 2 potions of curing
 o - 3 potions of flight {unknown}
 r - 2 potions of heal wounds
 t - 2 potions of haste {unknown}
 v - 3 potions of degeneration
 x - 5 potions of stabbing
 z - a potion of ambrosia
 A - a potion of brilliance
 B - a potion of might
 R - a potion of invisibility {unknown}
Miscellaneous
 M - a lightning rod (1/4)
Comestibles
 c - 17 rations


   Skills:
 + Level 3.1 Fighting
 + Level 0.7 Short Blades
 + Level 4.1 Dodging
 + Level 5.3 Stealth
 * Level 9.0 Spellcasting
 + Level 9.9 Conjurations
   Level 1.0 Summonings
 - Level 3.0 Translocations
 + Level 0.8 Air Magic
 - Level 7.0 Poison Magic
 - Level 8.0 Invocations
 + Level 1.0 Evocations


You had 19 spell levels left.
You knew the following spells:

 Your Spells              Type           Power        Failure   Level  Hunger
a - Magic Dart            Conj           ####         1%          1    None
b - Mephitic Cloud        Conj/Pois/Air  #####...     1%          3    None
c - Blink                 Tloc           N/A          2%          2    None
d - Conjure Flame         Conj/Fire      ####....     2%          3    None

Your spell library contained the following spells:

 Spells                   Type           Power        Failure   Level  Hunger
 Call Imp                 Summ           ###.....     6%          2    None
 Slow                     Hex            ##......     9%          2    None


Dungeon Overview and Level Annotations

Branches:
Dungeon (11/15)            Temple (0/1) D:4            Lair (0/6) D:10
    Orc (1/2) D:9         Ossuary (visited)

Altars:
Ashenzari
Kikubaaqudgha
Nemelex Xobeh
Qazlal
Ru
Sif Muna
Wu Jian
Yredelemnul

Shops:
D:5 [

Annotations:
D:7 exclusion: 2 downstairs


Innate Abilities, Weirdness & Mutations

You cannot wear most types of armour.
You are very stealthy in the water. (Stealth+)
You are amphibious.
You can wear up to eight rings at the same time.
You can use your tentacles to constrict eight enemies at once.
Your skin changes colour to match your surroundings (Stealth+).
Your rubbery body absorbs attacks. (AC +1, EV +1)


Message History

You don't know that spell.
Okay, then.
Unknown command.
Casting: Conjure Flame (dangerous; 2% risk of failure)
Confirm with . or Enter, or press ? or * to list all spells.
Aiming: Magic Dart (safe; 1% risk of failure)
Press: ? - help, Shift-Dir - straight line, f/p - cyan ugly thing
Aim: a cyan ugly thing (flame, severely wounded)
The magic dart hits the cyan ugly thing but does no damage.
The cyan ugly thing is severely wounded.
The cyan ugly thing is engulfed in blazing flames.
The cyan ugly thing bites you!
* * * LOW HITPOINT WARNING * * *
The cyan ugly thing shocks you!
* * * LOW HITPOINT WARNING * * *
Unknown command.
Casting: Magic Dart (safe; 1% risk of failure)
Confirm with . or Enter, or press ? or * to list all spells.
You blink.
You are engulfed in blazing flames.
You die...

.........#...........(..........
......#########.................
...........#.......#...#...^....
...#.......#....................
....#...#########...............
#............#.......#..........
###.##.......#.......#..........
######..#######...............
#......§u@...............
###......#...............
###...##..............
##...##....#.......
##.##......#......
###..............
#.....#.........
#...[............
##.##............


You could see a cyan ugly thing.

Vanquished Creatures
  Harold (D:9)
  A two-headed ogre (D:9)
  Pikel (D:4)
  2 orc sorcerers (Orc:1)
  Joseph (D:8)
  2 trolls
  A red devil (D:11)
  Sigmund (D:5)
  2 wyverns (D:7)
  6 yaks (D:9)
  Menkaure (D:5)
  2 wargs (Orc:1)
  A black bear (D:6)
  5 orc warriors
  9 ogres
  5 sky beasts
  4 phantoms
  3 centaurs
  A crocodile (D:10)
  A big kobold (D:7)
  3 bullfrogs
  2 scorpions
  4 killer bees
  6 wights
  7 crimson imps
  2 bullfrog zombies
  2 howler monkeys
  A centaur zombie (D:7)
  A quasit (D:7)
  8 jellies
  An orc priest (D:3)
  Crazy Yiuf (D:3)
  A gnoll shaman (D:4)
  8 hounds
  A centaur skeleton (D:3)
  13 orc wizards
  A bullfrog skeleton (D:10)
  Jessica (D:2)
  2 iguanas (D:7)
  4 worker ants
  A big kobold zombie (Ossuary)
  2 hound skeletons
  8 mummies (Ossuary)
  9 gnolls
  A howler monkey skeleton (D:5)
  12 adders
  3 shadow imps
  6 oozes
  2 adder skeletons
  4 worms
  A dart slug (D:1)
  7 leopard geckos
  54 orcs
  5 bats
  5 giant cockroaches
  A gnoll zombie (Ossuary)
  10 goblins
  13 hobgoblins
  4 jackals (D:2)
  12 kobolds
  8 quokkas
  3 ball pythons
  2 frilled lizards
  A kobold zombie (Ossuary)
  5 orc zombies (Ossuary)
  6 rats
  A spectral orc (D:3)
305 creatures vanquished.

Vanquished Creatures (others)
  A slave (D:4)
  2 orc wizards (D:5)
  An orc (D:4)
4 creatures vanquished.

Grand Total: 309 creatures vanquished

Notes
Turn   | Place    | Note
-------+----------+-------------------------------------------
     0 | D:1      | Atelerd the Octopode Wizard began the quest for the Orb.
     0 | D:1      | Reached XP level 1. HP: 11/11 MP: 4/4
   117 | D:1      | Reached XP level 2. HP: 5/17 MP: 4/6
   855 | D:1      | Reached XP level 3. HP: 21/21 MP: 7/7
   910 | D:1      | Learned a level 3 spell: Mephitic Cloud
   913 | D:1      | Learned a level 2 spell: Blink
  1525 | D:2      | Found an ornate altar of the Wu Jian Council.
  1526 | D:2      | Found a sacrificial altar of Ru.
  1571 | D:2      | Reached skill level 1 in Poison Magic
  1628 | D:2      | Reached XP level 4. HP: 20/27 MP: 4/9
  1852 | D:2      | Noticed Jessica
  1905 | D:2      | Killed Jessica
  1905 | D:2      | Reached skill level 1 in Fighting
  2711 | D:3      | Reached XP level 5. HP: 30/33 MP: 10/10
  3437 | D:3      | Found a shimmering blue altar of Sif Muna.
  3533 | D:3      | Became a worshipper of Sif Muna the Loreminder
  3868 | D:3      | Reached XP level 6. HP: 17/38 MP: 11/11
  3873 | D:3      | Learned a level 3 spell: Conjure Flame
  4091 | D:3      | Found a basalt altar of Yredelemnul.
  4439 | D:3      | Found a runed translucent door.
  4440 | D:3      | Noticed Crazy Yiuf
  4910 | D:3      | Killed Crazy Yiuf
  5073 | D:4      | Reached XP level 7. HP: 43/43 MP: 4/13
  5078 | D:4      | Reached * piety under Sif Muna
  5096 | D:4      | Noticed Pikel
  5114 | D:4      | Killed Pikel
  5114 | D:4      | Reached XP level 8. HP: 34/48 MP: 10/15
  5315 | D:4      | Found a shattered altar of Ashenzari.
  5328 | D:4      | Reached skill level 5 in Spellcasting
  5401 | D:4      | Found a staircase to the Ecumenical Temple.
  5444 | D:4      | Found a sand-covered staircase.
  5471 | Ossuary  | Entered an ossuary
  6612 | D:5      | Entered Level 5 of the Dungeon
  6633 | D:5      | Noticed Sigmund
  6658 | D:5      | Killed Sigmund
  6658 | D:5      | Reached skill level 1 in Invocations
  6863 | D:5      | Reached XP level 9. HP: 41/54 MP: 17/17
  7254 | D:5      | Reached ** piety under Sif Muna
  7388 | D:5      | Found Igisaj's Armour Boutique.
  7412 | D:5      | Noticed Menkaure
  7426 | D:5      | Killed Menkaure
  8267 | D:6      | Reached skill level 5 in Stealth
  9689 | D:6      | Found a basalt altar of Yredelemnul.
 10467 | D:7      | Reached *** piety under Sif Muna
 10467 | D:7      | Reached XP level 10. HP: 55/63 MP: 19/19
 10623 | D:7      | Found an ancient bone altar of Kikubaaqudgha.
 11227 | D:7      | Reached skill level 5 in Invocations
 11545 | D:8      | Noticed Joseph
 12727 | D:8      | Killed Joseph
 13046 | D:8      | Found a sparkling altar of Nemelex Xobeh.
 13173 | D:8      | You fall into a shaft and drop 2 floors!
 13173 | D:10     | Entered Level 10 of the Dungeon
 13196 | D:9      | Noticed Harold
 13238 | D:9      | Killed Harold
 13648 | D:9      | Reached XP level 11. HP: 47/67 MP: 13/23
 13648 | D:9      | Reached **** piety under Sif Muna
 13928 | D:9      | Noticed a two-headed ogre
 13962 | D:9      | Killed a two-headed ogre
 14322 | D:9      | Found a staircase to the Orcish Mines.
 14573 | D:9      | Found a stormy altar of Qazlal.
 15228 | Orc:1    | Entered Level 1 of the Orcish Mines
 15229 | Orc:1    | Noticed an orc sorcerer
 15237 | Orc:1    | Killed an orc sorcerer
 15270 | Orc:1    | Noticed an orc sorcerer
 15282 | Orc:1    | Killed an orc sorcerer
 15390 | Orc:1    | Noticed an orc knight
 16070 | D:10     | Found a staircase to the Lair.
 16301 | D:11     | Reached skill level 1 in Evocations
 16611 | D:11     | Noticed a cyan ugly thing
 16631 | D:11     | Engulfed by a cloud of flame

Illustrated notes

Levels and vault maps discovered:
D:1:      onia_arrival_handbag, layout_basic
D:2:      layout_basic, gammafunk_temple_overflow_statue, minmay_misc_feat_tiny,
          uniq_jessica
D:3:      minmay_inner_zag, layout_basic, yredelemnul_forgotten_temple_becter,
          lemuel_crystal_altar, uniq_crazy_yiuf_cottage
D:4:      layout_rooms, evilmike_ruin_ashenzari, minmay_temple_entry_water_ring,
          nicolae_ossuary_entry_monument, uniq_pikel
D:5:      minmay_recursive_quarters, layout_loops_ring, first_ration,
          serial_shops, nicolae_shop_behind_doors, grunt_decor_mini_mirrors,
          uniq_menkaure, uniq_sigmund
D:6:      layout_basic, yredelemnul_altar_generic
D:7:      layout_basic, old_standard_altar
D:8:      layout_rooms, kennysheep_little_box, uniq_joseph
D:9:      layout_loops_ring, grunt_qazlal_sundering, orc_0_dummy,
          hangedman_little_slice_of_home, grunt_ministairs_10,
          hangedman_decor_push, uniq_harold
D:10:     layout_roguey, lair_entry_dummy
D:11:     layout_cross, serial_shops, nicolae_shop_waterfront,
          ebering_ghost_inner_flame, serial_glass, glass_columns_c,
          glass_columns_b, hangedman_abyss_or_decor_stagger,
          minmay_beelzebubs_servants
Orc:1:    layout_diamond_mine, serial_shops, nicolae_shop_crystal,
          nicolae_orc_flooded_monolith, uniq_snorg

Skill      XL: |  1  2  3  4  5  6  7  8  9 10 11 |
---------------+----------------------------------+-----
Conjurations   | 2 3 4 6 7 9 |  9.9
Poison Magic   | 1 2 3 4 6 7 |  7.0
Fighting       | 1 2 3 |  3.1
Spellcasting   | 4 5 6 8 9 |  9.0
Stealth        | 3 5 |  5.3
Invocations    | 1 4 6 8 |  8.0
Dodging        | 4 |  4.1
Translocations | 3 |  3.0
Evocations     | 1 |  1.0
Short Blades   | |  0.7
Summonings     | |  1.0
Air Magic      | |  0.8

Action                   |  1- 3 |  4- 6 |  7- 9 | 10-12 || total
-------------------------+-------+-------+-------+-------++-------
Melee: Unarmed           |    14 |       |       |       ||    14
       Constrict         |     8 |    15 |    22 |    43 ||    88
       Tentacles         |     3 |     9 |     5 |    40 ||    57
       Dagger            |    17 |    75 |       |       ||    92
       Quarterstaff      |       |     6 |    47 |       ||    53
       Short sword       |       |       |    48 |   234 ||   282
       Flail             |       |       |       |     1 ||     1
 Fire: Longbow           |       |       |    18 |       ||    18
 Cast: Magic Dart        |    51 |   110 |   287 |   320 ||   768
       Mephitic Cloud    |     1 |     7 |    27 |    57 ||    92
       Blink             |       |     1 |     4 |    22 ||    27
       Conjure Flame     |       |       |    12 |    25 ||    37
Invok: Channel Magic     |       |       |     1 |     2 ||     3
Evoke: Wand              |       |       |     4 |     4 ||     8
       Lightning rod     |       |       |       |     3 ||     3
  Use: Scroll            |       |     2 |    11 |     7 ||    20
       Potion            |       |       |     1 |     2 ||     3
 Stab: Sleeping          |     5 |     6 |     5 |     8 ||    24
       Confused          |       |     4 |     3 |    11 ||    18
  Eat: Chunk             |     2 |    10 |    19 |    13 ||    44
       Ration            |       |       |       |     2 ||     2
Armor: Skin              |     3 |     5 |    13 |    47 ||    68
Dodge: Dodged            |    29 |    56 |    96 |   244 ||   425
